 Dungeon Crawl Stone Soup version 0.32-a0-898-g7811c86cf0 (webtiles) character file.

Game seed: 9603061504619384026

63 GiantSquids the Chopper (level 3, -1/31 HPs)
             Began as a Mountain Dwarf Fighter on Apr 5, 2024.
             Was a Believer of Cheibriados.
             Slain by Natasha (8 damage)
             ... on level 2 of the Dungeon.
             The game lasted 00:01:37 (1041 turns).

GiantSquids the Chopper (Mountain Dwarf Fighter)    Turns: 1041, Time: 00:01:37

Health: -1/31      AC:  6    Str: 24    XL:     3   Next: 87%
Magic:  3/3        EV:  8    Int: 12    God:    Cheibriados [**....]
Gold:   71         SH:  4    Dex: 13    Spells: 2/2 levels left

rFire   . . .        a - +0 war axe
rCold   . . .        c - +0 buckler
rNeg    . . .        b - +0 scale mail
rPois   .            (no helmet)
rElec   .            (no cloak)
rCorr   .            (no gloves)
SInv    .            (no boots)
Will    .....        (no amulet) Stlth
                     (no ring)
HPRegen 0.25/turn    (no ring)
MPRegen 0.08/turn

%: no passive effects
@: very slow
A: runic magic, artefact enchanting
a: Renounce Religion, Bend Time


You were on level 2 of the Dungeon.
You worshipped Cheibriados.
Cheibriados was pleased with you.
You visited 1 branch of the dungeon, and saw 2 of its levels.

You collected 71 gold pieces.

Inventory:

Hand Weapons
 a - a +0 war axe (weapon)
Armour
 b - a +0 scale mail (worn)
 c - a +0 buckler (worn)
Jewellery
 h - a ring of resist corrosion
Scrolls
 g - 2 scrolls of blinking {unknown}
 j - a scroll of silence {unknown}
 k - 2 scrolls of enchant armour {unknown}
 l - a scroll of enchant weapon {unknown}
 n - 3 scrolls of identify {unknown}
Potions
 d - a potion of might
 e - 2 potions of curing {unknown}
 f - a potion of degeneration {unknown}
 i - a potion of heal wounds {unknown}
 m - a potion of resistance {unknown}


   Skills:
 - Level 3.2 Fighting
 + Level 5.1 Axes
 - Level 3.2 Armour
 - Level 3.2 Shields


You had 2 spell levels left.
You didn't know any spells.
Your spell library was empty.

Dungeon Overview and Level Annotations

Branches:
Dungeon (2/15)

Altars:
Cheibriados
Trog

Annotations:
D:2 Natasha


Innate Abilities, Weirdness & Mutations

Your spellcasting is much less encumbered by armour.
You can use scrolls of enchantment on lesser artefacts.


Message History

You block the kobold's attack.
You barely miss Natasha. You hit the endoplasm.
You hit the kobold but do no damage. Natasha claws you.
The cerulean imp hits you from afar with a +2 spear.
You block the endoplasm's attack. The kobold hits you but does no damage.
You slash the endoplasm!
You kill the endoplasm!
Cheibriados appreciates the change of pace.
You hit the kobold but do no damage. You barely miss Natasha.
A quokka comes into view.
Natasha closely misses you. The kobold barely misses you.
The cerulean imp hits you from afar with a +2 spear.
You barely miss Natasha. You hit the kobold. You block Natasha's attack.
The kobold hits you with a +0 whip. You block the cerulean imp's attack.
Natasha barely misses you.
You hit the kobold.
You kill the kobold!
Cheibriados appreciates the change of pace.
You slash Natasha! The cerulean imp barely misses you.
Natasha claws you but does no damage. The cerulean imp closely misses you.
You closely miss Natasha.
Natasha is heavily wounded.
You hit the goblin. Natasha claws you but does no damage.
The cerulean imp barely misses you. The goblin barely misses you.
You closely miss Natasha.
Natasha is heavily wounded.
You closely miss the goblin. Natasha closely misses you.
The goblin hits you with a +0 club. You block the cerulean imp's attack.
The quokka barely misses you. Natasha closely misses you.
You barely miss Natasha.
Natasha is heavily wounded.
You completely miss the quokka. You slash the goblin!
You kill the goblin!
Cheibriados appreciates the change of pace.
The cerulean imp hits you from afar with a +2 spear.
* * * LOW HITPOINT WARNING * * *
You block the quokka's attack. Natasha claws you!
You die...
Natasha curls up and begins to purr.
Cheibriados appreciates the motionlessness of death.

.........####... ..#
....#..#......##...
..............#.# ....
#.......###...###
....##...........#.<.#
...##..........#.....###
..........####..........
..........## ##..r......
...........# #†@)......
..#.###†##.#####†h5.....
........................
..#.###.#######.........
###.#.....# #.........
..#.#.....# ##........
#.#.#.....# #........
..........## #........
...........#


You could see Natasha, a cerulean imp (summoned) and a quokka.

Vanquished Creatures
  2 adders (D:2)
  2 dart slugs (D:1)
  A ribbon worm (D:2)
  3 bats
  2 endoplasms
  2 giant cockroaches (D:1)
  3 goblins
  3 hobgoblins (D:1)
  2 jackals (D:1)
  3 quokkas
  4 ball pythons
  5 frilled lizards
  4 kobolds
  2 rats
38 creatures vanquished.

Notes
Turn   | Place    | Note
-------+----------+-------------------------------------------
     0 | D:1      | GiantSquids the Mountain Dwarf Fighter began the quest for
                  | the Orb.
     0 | D:1      | Reached XP level 1. HP: 19/19 MP: 1/1
    92 | D:1      | Reached skill level 3 in Axes
   210 | D:1      | Reached XP level 2. HP: 26/26 MP: 2/2
   437 | D:1      | Found a faded altar of an unknown god.
   445 | D:1      | Prayed at the altar of an unknown god.
   445 | D:1      | Became a worshipper of Cheibriados the Contemplative
   445 | D:1      | Reached * piety under Cheibriados
   503 | D:1      | Reached skill level 4 in Axes
   656 | D:1      | Reached XP level 3. HP: 31/31 MP: 3/3
   882 | D:2      | Reached ** piety under Cheibriados
   959 | D:2      | Reached skill level 5 in Axes
   962 | D:2      | Found a bloodstained altar of Trog.
  1029 | D:2      | Noticed Natasha
  1041 | D:2      | Slain by Natasha

Illustrated notes

Levels and vault maps discovered:
D:1:      psy_arrival_radial02, layout_loops_ring,
          dreamdust_ecumenical_altar_angels_and_demons
D:2:      layout_rooms, basic_altar, kennysheep_generic_room_7, uniq_natasha

Skill      XL: |  1  2  3 |
---------------+----------+-----
Axes           | 3 4 5 |  5.1
Fighting       | |  3.2
Armour         | |  3.2
Shields        | |  3.2

Action                     || total
---------------------------++-------
  Melee: War axe           ||   116
 Armour: Scale mail        ||   107
  Dodge: Dodged            ||    57
  Block: Buckler           ||    22

Table legend: (Time is in decaauts)
 A = Elapsed time spent in this place.
 B = Non-inter-level travel time spent in this place.
 C = Inter-level travel time spent in this place.
 D = Time resting spent in this place.
 E = Time spent auto-exploring this place.
 F = Levels seen in this place.
 G = Mean time per level.
                   A        B        C        D        E       F      G
               +--------+--------+--------+--------+--------+-----+--------+
         Total |   1267 |   1235 |     32 |      0 |    974 |   2 |  633.5 |
       Dungeon |   1267 |   1235 |     32 |      0 |    974 |   2 |  633.5 |
               +--------+--------+--------+--------+--------+-----+--------+

Top non-repeatable levels by time:
     D:1: 1066 daAuts
     D:2: 201 daAuts
